 Dungeon Crawl Stone Soup version 0.30-a0-737-gf23d94013f (webtiles) character file.

Game seed: 18378265938878781202

163 NinjaNoafa the Sneak (level 5, -3/45 HPs)
             Began as a Ghoul Monk on Feb 1, 2023.
             Slain by Sigmund
             ... wielding a +0 scythe of protection
              (6 damage)
             ... on level 2 of the Dungeon.
             The game lasted 00:07:02 (2306 turns).

NinjaNoafa the Sneak (Ghoul Monk)                   Turns: 2306, Time: 00:07:03

Health: -3/45      AC:  3    Str: 15    XL:     5   Next: 44%
Magic:  4/4        EV: 12    Int:  5    God:
Gold:   195        SH:  0    Dex: 13    Spells: 4/4 levels left

rFire   . . .      SeeInvis .    m - +0 great sword
rCold   + . .      Faith    .    (shield currently unavailable)
rNeg    + + +      Spirit   .    b - +0 robe
rPois   ∞          Reflect  .    l - +1 hat
rElec   .          Harm     .    (no cloak)
rCorr   .          Rampage  .    (no gloves)
Will    .....                    (no boots)
Stlth   +++                      g - amulet of magic regeneration
HPRegen 0.00/turn                (no ring)
MPRegen 0.49/turn                (no ring)

@: inhibited regen
A: claws 1, cold resistance 1, negative energy resistance 3, inhibited
regeneration, torment resistance 2, devour on kill
a: no special abilities


You were on level 2 of the Dungeon.
You visited 1 branch of the dungeon, and saw 4 of its levels.

You collected 195 gold pieces.

Inventory:

Hand Weapons
 c - a +4 dagger of electrocution
 m - a +0 great sword (weapon)
Missiles
 f - 15 poisoned darts (quivered)
Armour
 b - a +0 robe (worn)
 l - a +1 hat (worn)
Jewellery
 g - an amulet of magic regeneration (around neck)
Scrolls
 h - a scroll of fear {unknown}
 i - 2 scrolls of teleportation {unknown}
 k - 2 scrolls of blinking {unknown}
 n - 2 scrolls of amnesia {unknown}
 o - a scroll of identify {unknown}
 p - 3 scrolls of fog {unknown}
 s - 2 scrolls of vulnerability {unknown}
 t - a scroll of immolation {unknown}
Potions
 a - a potion of haste {unknown}
 d - 2 potions of curing {unknown}
 e - a potion of degeneration {unknown}
 j - a potion of heal wounds {unknown}
 q - a potion of might {unknown}
 r - a potion of lignification {unknown}


   Skills:
 - Level 3.2 Fighting
 + Level 4.2 Long Blades
 - Level 2.6 Dodging
 - Level 4.8 Stealth


You had 4 spell levels left.
You didn't know any spells.
Your spell library contained the following spells:

 Spells                   Type           Power      Damage    Failure   Level
 Apportation              Tloc           0%         N/A       47%         1
 Necrotise                Necr           0%         1d4       47%         1
 Summon Small Mammal      Summ           0%         N/A       47%         1
 Summon Ice Beast         Ice/Summ       0%         N/A       99%         4
 Beastly Appendage        Tmut           Unusable   N/A       N/A         1
 Wereblood                Tmut           Unusable   N/A       N/A         2

Dungeon Overview and Level Annotations

Branches:
Dungeon (4/15)
 Temple: D:4-7

Altars:

Shops:
D:1 ==

Annotations:
D:2 Sigmund


Innate Abilities, Weirdness & Mutations

You are immune to poison.
You have sharp fingernails.
Your flesh is cold resistant. (rC+)
You are immune to negative energy. (rN+++)
You do not regenerate when monsters are visible.
You are immune to unholy pain and torment.
You thrive by killing the living.


Message History

Sigmund attacks as you move away! Sigmund barely misses you.
The kobold attacks as you move away!
The kobold hits you with a +0 dagger of draining.
The goblin attacks as you move away! The goblin hits you but does no damage.
You slash the kobold!
You kill the kobold!
You feel better. The goblin closely misses you.
Sigmund gestures wildly while chanting.
Sigmund flickers and vanishes!
Deactivating autopickup; reactivate with Ctrl-A.
Okay, then.
You hit the goblin.
The goblin is severely wounded.
Something hits you. The goblin barely misses you.
You slash the goblin!
You kill the goblin!
You feel better. Something hits you!
You hear some strange, mumbled words.
Something tries to affect you, but you resist.
Items here: ( )) †.
You miss something. Something hits you.
You miss something. Something hits you.
You barely miss something. Something hits you but does no damage.
You miss something. Something hits you but does no damage.
You closely miss something. Something hits you!
* * * LOW HITPOINT WARNING * * *
You hear the crackle of electricity.
c - a +4 dagger of electrocution (weapon)
You completely miss something. Something hits you.
* * * LOW HITPOINT WARNING * * *
You barely miss something. You barely miss something. Something hits you!
* * * LOW HITPOINT WARNING * * *
Your +4 dagger of electrocution stops crackling.
m - a +0 great sword (weapon)
Okay, then.
You hit something. Something hits you but does no damage.
You miss something. Something hits you but does no damage.
You miss something. Something hits you.
You die...

#...# # #...# . .##...# ..
### # .....# ##.# # ##⌠###.
#...##...# #
##...##.##......# #
#8...8#..#....# #
##...##....{.####### ##
#...##....@###....########.
##...##.......#....##.......
#8...8#...............#.....
##...#####..##............##
#...# #..##..........#...
##...## #.............#####
#8...8####.....#......##
##...##.......##..##..######
#......#........###.......#


There were no monsters in sight!

Vanquished Creatures
  A necrophage (D:2)
  4 adders
  A worm (D:3)
  2 dart slugs (D:1)
  6 ball pythons
  7 endoplasms
  3 giant cockroaches
  6 goblins
  2 hobgoblins
  8 jackals
  3 bats
  5 frilled lizards
  6 kobolds
  6 rats
60 creatures vanquished.

Notes
Turn   | Place    | Note
-------+----------+-------------------------------------------
     0 | D:1      | NinjaNoafa the Ghoul Monk began the quest for the Orb.
     0 | D:1      | Reached XP level 1. HP: 19/19 MP: 0/0
    77 | D:1      | Found Dowut's Jewellery Emporium.
   142 | D:1      | Reached XP level 2. HP: 21/26 MP: 1/1
   739 | D:1      | Found Wiufunn's Jewellery Shoppe.
   839 | D:1      | Reached XP level 3. HP: 21/31 MP: 2/2
  1161 | D:2      | You fall into a shaft and drop 1 floor!
  1423 | D:2      | Noticed a necrophage
  1454 | D:3      | Got the Quarto of the Changing Iceberg
  1458 | D:3      | Reached XP level 4. HP: 38/38 MP: 3/3
  2101 | D:2      | Killed a necrophage
  2102 | D:2      | Reached XP level 5. HP: 15/45 MP: 4/4
  2278 | D:2      | Noticed Sigmund
  2306 | D:2      | Slain by Sigmund

Illustrated notes

Levels and vault maps discovered:
D:1:      dpeg_arrival_tiny_a, layout_basic, serial_shops, shop,
          nicolae_lakefront_shop, minmay_tree_intersection, nicolae_eternal_life
D:2:      layout_rooms, serial_corexii_hall, corexii_hall_statues_l,
          corexii_hall_statues_deadend, minmay_misc_feat_enclosed, uniq_sigmund
D:3:      layout_basic
D:4:      layout_rooms, gammafunk_ghost_necromancy, uniq_crazy_yiuf_cottage,
          uniq_pikel, uniq_robin, uniq_grinder

Skill      XL: |  1  2  3  4 |
---------------+-------------+-----
Stealth        | 3 4 |  4.8
Long Blades    | 4 |  4.2
Fighting       | |  3.2
Dodging        | |  2.6

Action                     |  1- 3 |  4- 6 || total
---------------------------+-------+-------++-------
  Melee: Falchion          |   106 |       ||   106
         Punch             |     4 |       ||     4
         Dagger            |    33 |     3 ||    36
         Great sword       |     3 |    74 ||    77
    Use: Potion            |     1 |       ||     1
   Stab: Sleeping          |     4 |     4 ||     8
 Armour: Robe              |    33 |    33 ||    66
  Dodge: Dodged            |   110 |    69 ||   179

Table legend: (Time is in decaauts)
 A = Elapsed time spent in this place.
 B = Non-inter-level travel time spent in this place.
 C = Inter-level travel time spent in this place.
 D = Time resting spent in this place.
 E = Time spent auto-exploring this place.
 F = Levels seen in this place.
 G = Mean time per level.
                   A        B        C        D        E       F      G
               +--------+--------+--------+--------+--------+-----+--------+
         Total |   2363 |   2244 |    119 |      0 |   1635 |   4 |  590.8 |
       Dungeon |   2363 |   2244 |    119 |      0 |   1635 |   4 |  590.8 |
               +--------+--------+--------+--------+--------+-----+--------+

Top non-repeatable levels by time:
     D:1: 1071 daAuts
     D:3: 703 daAuts
     D:2: 575 daAuts
     D:4: 13 daAuts
